 Dungeon Crawl Stone Soup version 0.29.1-12-g30fa7ad0bf (webtiles) character file.

Game seed: 8945935387646508985

7290 4FPSwarrior the Eye of the Storm (level 10, -20/82 HPs)
             Began as a Demonspawn Hedge Wizard on Jan 9, 2023.
             Was a Priest of Qazlal.
             Demolished by an orc knight
             ... wielding a +0 dire flail
              (25 damage)
             ... on level 14 of the Dungeon.
             The game lasted 00:58:47 (13372 turns).

4FPSwarrior the Eye of the Storm (DsHW)            Turns: 13372, Time: 00:58:47

Health: -20/82     AC:  8    Str:  6    XL:     10   Next: 89%
Magic:  18/18      EV: 16    Int: 24    God:    Qazlal [***...]
Gold:   1363       SH:  3    Dex: 15    Spells: 8/20 levels left

rFire   + . .      SeeInvis .   i - +2 dagger (elec)
rCold   + . .      Faith    .   (no shield)
rNeg    + + +      Spirit   .   B - +2 robe {Will+}
rPois   .          Reflect  .   t - +0 helmet
rElec   +          Harm     .   G - +0 cloak
rCorr   .          Rampage  .   I - +0 pair of gloves "Paceukyn" {rElec rF+ rC+ rN+++ Str-4}
Will    +....                   J - +0 pair of boots
Stlth   ++........              s - amulet of regeneration
HPRegen 1.03/turn               c - +6 ring of intelligence
MPRegen 0.16/turn               x - +4 ring of evasion

@: no status effects
A: powered by pain 3, demonic magic 1
a: Renounce Religion, Upheaval, Elemental Force


You were on level 14 of the Dungeon.
You worshipped Qazlal.
Qazlal was most pleased with you.
You visited 2 branches of the dungeon, and saw 13 of its levels.

You collected 1873 gold pieces.
You spent 510 gold pieces at shops.

Inventory:

Hand Weapons
 i - a +2 dagger of electrocution (weapon)
Armour
 p - a +0 robe of cold resistance
 t - a +0 helmet (worn)
 B - a +2 robe of willpower (worn)
 G - a +0 cloak (worn)
 I - the +0 pair of gloves "Paceukyn" (worn) {rElec rF+ rC+ rN+++ Str-4}
   (You acquired it on level 9 of the Dungeon)

   Str:       It affects your strength (-4).
   rF:        It protects you from fire.
   rC:        It protects you from cold.
   rElec:     It insulates you from electricity.
   rN:        It renders you almost immune to negative energy.
 J - a +0 pair of boots (worn)
Jewellery
 c - a +6 ring of intelligence (left hand)
 m - an amulet of magic regeneration
 s - an amulet of regeneration (around neck)
 u - a ring of positive energy
 x - a +4 ring of evasion (right hand)
 C - a ring of ice
Wands
 f - a wand of flame (11)
 z - a wand of charming (6)
 L - a wand of iceblast (1)
Scrolls
 e - 4 scrolls of vulnerability
 g - 3 scrolls of fog
 h - 4 scrolls of enchant weapon
 j - a scroll of brand weapon {unknown}
 l - a scroll of noise {unknown}
 o - 2 scrolls of poison
 w - a scroll of torment {unknown}
 y - 2 scrolls of blinking
 E - a scroll of enchant armour {unknown}
 K - a scroll of amnesia {unknown}
Potions
 a - a potion of lignification
 b - a potion of degeneration {unknown}
 d - 4 potions of magic
 k - 5 potions of curing
 n - 3 potions of brilliance
 q - 3 potions of haste
 r - 3 potions of attraction
 v - 2 potions of cancellation
 A - 2 potions of might
 D - 2 potions of flight
 F - a potion of ambrosia {unknown}
 H - a potion of heal wounds {unknown}
 M - a potion of mutation {unknown}


   Skills:
 * Level 8.8 Fighting
 - Level 1.7 Dodging
 - Level 1.7 Stealth
 + Level 5.5 Spellcasting
 * Level 9.0 Conjurations
 - Level 3.0 Summonings
 - Level 0.8 Translocations
 + Level 4.2 Fire Magic
 * Level 10.6 Invocations


You had 8 spell levels left.
You knew the following spells:

 Your Spells              Type           Power      Damage    Failure   Level
a - Magic Dart            Conj           100%       1d8       1%          1
b - Call Imp              Summ           21%        N/A       3%          2
c - Blink                 Tloc           20%        N/A       9%          2
d - Poisonous Vapours     Pois/Air       12%        N/A       13%         2
e - Fireball              Conj/Fire      19%        3d9       16%         5

Your spell library contained the following spells:

 Spells                   Type           Power      Damage    Failure   Level
 Conjure Flame            Conj/Fire      38%        6-21      1%          3
 Sticky Flame             Conj/Fire      38%        2d6       5%          4
 Iskenderun's Battlesphe  Conj           49%        2d10      6%          5
 Mephitic Cloud           Conj/Pois/Air  21%        N/A       8%          3
 Freeze                   Ice            24%        1d5       9%          1
 Slow                     Hex            24%        N/A       9%          1
 Sting                    Tmut/Pois      24%        1d4       9%          1
 Inner Flame              Hex/Fire       16%        N/A       11%         3
 Hailstorm                Conj/Ice       28%        3d8       13%         4
 Ignite Poison            Fire/Tmut/Pois 13%        N/A       14%         3
 Frozen Ramparts          Ice            12%        1d2       26%         3
 Cause Fear               Hex            3%         N/A       63%         4
 Olgreb's Toxic Radiance  Pois           6%         N/A       63%         4
 Orb of Destruction       Conj           24%        9d9       87%         7
 Conjure Ball Lightning   Conj/Air       14%        3x3d6     90%         6
 Discord                  Hex            3%         N/A       100%        8


Dungeon Overview and Level Annotations

Branches:
Dungeon (11/15)              Lair (0/5) D:11            Orc (1/2) D:9
 Temple: D:4-7

Altars:
Makhleb
Qazlal
Sif Muna
Vehumet

Shops:
D:5 [   D:6 *   D:9 (

Portals:
Trove: D:10 (show slimy rune of Zot)

Annotations:
D:7 Maggie
D:9 1 runed translucent door, Tiagovsky's ghost, novice MiFi


Innate Abilities, Weirdness & Mutations

You are powered by pain.
Spells you cast may paralyse adjacent enemies.


Message History

Casting: Call Imp (safe; 3% risk of failure)
Confirm with . or Enter, or press ? or * to list all spells.
Aiming: Magic Dart (safe; 1% risk of failure)
Press: ? - help, Shift-Dir - straight line, f - orc warrior
Aim: an orc warrior, wielding a +0 scimitar and wearing a +0 chain mail (grey smoke, strong, 100% to hit)
The magic dart hits the orc warrior.
The orc warrior is lightly wounded.
Malevolent energies surge around you.
The orc warrior suddenly stops moving!
The orc knight hits you with a +0 dire flail!
* * * LOW HITPOINT WARNING * * *
The helpless orc warrior fails to defend itself.
You puncture the orc warrior!
You punch the orc warrior, but do no damage.
The orc warrior is heavily wounded.
The orc knight hits you with a +0 dire flail!
* * * LOW HITPOINT WARNING * * *
Unknown command.
The helpless orc warrior fails to defend itself.
You hit the orc warrior.
The orc warrior is heavily wounded.
The orc knight hits you with a +0 dire flail!
* * * LOW HITPOINT WARNING * * *
Unknown command.
Okay, then.
Unknown command.
The helpless orc warrior fails to defend itself.
You puncture the orc warrior!
The orc warrior is severely wounded.
The orc knight barely misses you.
Unknown command.
The helpless orc warrior fails to defend itself.
You hit the orc warrior.
The orc warrior is almost dead.
Unknown command.
The helpless orc warrior fails to defend itself.
You hit the orc warrior.
You kill the orc warrior!
Qazlal accepts your kill.
The orc knight hits you with a +0 dire flail!!
You die...

# #. .. ## #.
...
.#.#..######..##
..uu...u........
..u#..##..##...
#######u.#
#:§§§@#..#
#.§#o##u.# #.
o#o#..# #
#o.##.#..#.##O.
.#..o......O#
#####.#O.#.###
...............
......e........
#####.#..#.####


You could see an orc knight and an orc wizard (strong).

Vanquished Creatures
  A two-headed ogre (D:9)
  Pikel (D:9)
  Maurice (D:9)
  A troll (D:9)
  Prince Ribbit (D:7)
  Grinder (D:3)
  Sigmund (D:3)
  2 wraiths
  A wyvern (D:9)
  5 yaks (D:8)
  A warg (D:9)
  Duvessa (D:4)
  A water moccasin (D:6)
  An ice beast (D:8)
  4 black bears
  5 orc warriors
  2 ogres
  2 centaurs
  3 lemures
  A phantom (D:4)
  2 kobold brigands
  A necrophage (D:5)
  3 bullfrogs (D:8)
  3 scorpions
  A gnoll sergeant (D:6)
  4 wights
  Dowan (D:4)
  A hound (D:6)
  A jelly (D:7)
  4 orc priests
  A gnoll bouda (D:8)
  2 iguanas (D:6)
  11 orc wizards
  5 gnolls (D:8)
  6 adders
  A shadow imp (D:6)
  4 ufetubi
  6 dart slugs
  34 orcs
  5 ball pythons
  11 endoplasms
  3 giant cockroaches
  11 goblins
  6 hobgoblins
  2 jackals (D:5)
  11 kobolds
  A quokka (D:2)
  3 bats (D:1)
  A frilled lizard (D:2)
  9 rats
190 creatures vanquished.

Vanquished Creatures (collateral kills)
  A two-headed ogre (D:9)
  A sky beast (D:8)
  A wight (D:6)
  A jelly (D:5)
  An orc wizard (D:5)
  An adder (D:2)
  An orc (D:5)
7 creatures vanquished.

Vanquished Creatures (others)
  4 plants (D:9)
4 creatures vanquished.

Grand Total: 201 creatures vanquished

Notes
Turn   | Place    | Note
-------+----------+-------------------------------------------
     0 | D:1      | 4FPSwarrior the Demonspawn Hedge Wizard began the quest for
                  | the Orb.
     0 | D:1      | Reached XP level 1. HP: 13/13 MP: 4/4
   295 | D:1      | Reached skill level 1 in Fighting
   295 | D:1      | Gained mutation: You sometimes gain a little power by
                  | taking damage. [demonic ancestry]
   295 | D:1      | Reached XP level 2. HP: 17/21 MP: 0/6
   746 | D:1      | Found a faded altar of an unknown god.
  1089 | D:1      | Gained mutation: You sometimes gain power by taking damage.
                  | [demonic ancestry]
  1089 | D:1      | Reached XP level 3. HP: 21/26 MP: 3/7
  1248 | D:2      | Learned a level 2 spell: Call Imp
  1563 | D:2      | Found a stormy altar of Qazlal.
  1778 | D:2      | Became a worshipper of Qazlal Stormbringer
  1814 | D:3      | Noticed Grinder
  1896 | D:2      | Reached XP level 4. HP: 26/33 MP: 5/9
  2405 | D:3      | Noticed Sigmund
  2615 | D:4      | Learned a level 2 spell: Blink
  2727 | D:4      | Noticed an ogre
  2826 | D:4      | Reached XP level 5. HP: 38/39 MP: 4/10
  3025 | D:4      | Found a radiant altar of Vehumet.
  3026 | D:4      | Noticed a black bear
  3031 | D:4      | Noticed Dowan
  3139 | D:5      | Entered Level 5 of the Dungeon
  3275 | D:5      | Noticed a black bear
  3301 | D:5      | Killed a black bear
  3368 | D:5      | Found Oray's Armour Boutique.
  3376 | D:5      | Bought a +2 robe of willpower for 177 gold pieces
  3541 | D:5      | Gained mutation: Spells you cast may paralyse adjacent
                  | enemies. [demonic ancestry]
  3541 | D:5      | Reached XP level 6. HP: 47/47 MP: 3/11
  3582 | D:5      | Reached skill level 1 in Invocations
  3766 | D:5      | Reached skill level 2 in Invocations
  3866 | D:5      | Reached XP level 7. HP: 35/53 MP: 11/13
  4630 | D:6      | Reached skill level 3 in Invocations
  4952 | D:6      | Found Veijalag's Assorted Antiques.
  5282 | D:6      | Reached skill level 4 in Invocations
  5332 | D:6      | Gained mutation: You are powered by pain. [demonic
                  | ancestry]
  5332 | D:6      | Reached XP level 8. HP: 61/61 MP: 12/15
  5468 | D:6      | Reached * piety under Qazlal
  5830 | D:6      | Reached skill level 5 in Conjurations
  6124 | D:6      | Reached skill level 5 in Spellcasting
  6194 | D:6      | Found Veijalag's Assorted Antiques.
  6776 | D:6      | Reached skill level 5 in Fighting
  6868 | D:6      | Reached skill level 5 in Invocations
  7023 | D:7      | Noticed Maggie
  7207 | D:6      | Learned a level 2 spell: Poisonous Vapours
  7213 | D:6      | Learned a level 5 spell: Fireball
  7616 | D:4      | Noticed Duvessa
  7627 | D:4      | Killed Dowan
  7628 | D:4      | Reached skill level 6 in Invocations
  7628 | D:4      | Killed Duvessa
  7629 | D:4      | Reached skill level 1 in Fire Magic
  7729 | D:4      | Found a shimmering blue altar of Sif Muna.
  7992 | D:3      | Killed Grinder
  7993 | D:3      | Reached XP level 9. HP: 69/69 MP: 14/17
  8297 | D:3      | Killed Sigmund
  8374 | D:3      | Found a burning altar of Makhleb.
  8871 | D:8      | Found a runed translucent door.
  8907 | D:8      | Reached skill level 7 in Invocations
  8994 | D:8      | Identified a scroll of acquirement
  8995 | D:8      | Acquired 1124 gold pieces
  9181 | D:7      | Noticed Prince Ribbit
  9188 | D:7      | Killed Prince Ribbit
  9202 | D:6      | Bought a scroll of fog for 112 gold pieces
  9202 | D:6      | Bought a scroll labelled BUXTOA LOFFY for 28 gold pieces
  9202 | D:6      | Bought a yellow potion for 25 gold pieces
  9202 | D:6      | Bought 2 potions of curing for 168 gold pieces
  9604 | D:8      | Reached ** piety under Qazlal
  9894 | D:8      | Noticed a purple ugly thing
  9920 | D:8      | Reached skill level 8 in Invocations
 10278 | D:8      | Reached XP level 10. HP: 46/79 MP: 4/18
 10383 | D:9      | Found a staircase to the Orcish Mines.
 10460 | D:8      | Noticed a cyan ugly thing
 10462 | D:8      | Noticed a manticore
 10606 | D:9      | Reached skill level 9 in Invocations
 10744 | D:9      | Found a runed translucent door.
 10744 | D:9      | Noticed Tiagovsky's ghost (novice MiFi)
 11092 | D:9      | Found Ladeon's Weapon Shoppe.
 11130 | D:9      | Noticed Pikel
 11141 | D:9      | Killed Pikel
 11163 | D:9      | Noticed Maurice
 11191 | D:9      | Killed Maurice
 11194 | D:9      | Noticed a two-headed ogre
 11219 | D:9      | Killed a two-headed ogre
 11220 | D:9      | Reached skill level 10 in Invocations
 12056 | D:9      | Acquired the +0 pair of gloves "Paceukyn" {rElec rF+ rC+
                  | rN+++ Str-4}
 12064 | D:10     | Entered Level 10 of the Dungeon
 12064 | D:10     | Noticed a two-headed ogre
 12219 | D:10     | Found a portal to a secret trove of treasure.
 12366 | D:10     | Noticed a skeletal warrior
 12803 | D:10     | Noticed a skeletal warrior
 12953 | D:8      | Noticed a two-headed ogre
 13108 | D:9      | Killed a two-headed ogre
 13212 | D:10     | Noticed a skeletal warrior
 13212 | D:10     | Noticed a skeletal warrior
 13257 | Orc:1    | Entered Level 1 of the Orcish Mines
 13260 | Orc:1    | Noticed an orc knight
 13333 | D:11     | Found a staircase to the Lair.
 13347 | D:11     | You fall into a shaft and drop 3 floors!
 13350 | D:14     | Noticed a white ugly thing
 13351 | D:14     | Noticed a white ugly thing
 13351 | D:14     | Noticed a white ugly thing
 13358 | D:14     | Noticed an ogre mage
 13358 | D:14     | Noticed a deep elf pyromancer
 13358 | D:14     | Noticed an orc knight
 13359 | D:14     | Noticed a two-headed ogre
 13365 | D:14     | Reached *** piety under Qazlal
 13369 | D:14     | HP: 2/82 [orc knight/+0 dire flail (11)]
 13372 | D:14     | Demolished by an orc knight

Illustrated notes

Levels and vault maps discovered:
D:1:      erik_arrival_cave_to_civilisation [erik_arrival_cave_to_hall],
          layout_rooms, chequers_ecumenical_altar_island, minmay_tetromino_i2
D:2:      layout_rooms, basic_altar, grunt_ministairs_12
D:3:      layout_basic, lightli_temple_of_fire, kennysheep_cross_room,
          uniq_sigmund, uniq_grinder
D:4:      layout_gridville, jmf_multi_god_temple, uniq_duvessa
D:5:      kennysheep_six_static_rooms, layout_basic, serial_shops,
          shop_fountains
D:6:      minmay_angry_zag, layout_loops_ring, nicolae_take_the_stairs
D:7:      layout_cave_pods, minmay_temple_entry_tees, kb_rosetta, uniq_maggie,
          uniq_prince_ribbit1
D:8:      minmay_the_grid_four_pointed_star
          [minmay_the_grid_triangle_9x9_dagger,
          minmay_the_grid_triangle_9x9_alien,
          minmay_the_grid_triangle_9x9_subtriangle,
          minmay_the_grid_triangle_9x9_impossible_snake,
          minmay_the_grid_prize_inner_circle], layout_loops_ring,
          kennysheep_generic_room_9
D:9:      layout_long_grid, minmay_orc_entry_temple_small,
          hellmonk_ghost_big_iron, serial_shops, shop, enter_bailey_5,
          uniq_pikel, uniq_maurice
D:10:     layout_rooms, enter_trove_1, kennysheep_generic_room_3
D:11:     layout_roguey, lair_entry_dummy, ebering_ghost_rock_garden
D:14:     layout_basic, hangedman_vaults_entry_quadrant_bands,
          gauntlet_entry_generic, led_sif_pool
Orc:1:    layout_diamond_mine, basic_altar

Skill      XL: |  1  2  3  4  5  6  7  8  9 10 |
---------------+-------------------------------+-----
Fighting       | 1 2 3 4 6 7 8 |  8.8
Conjurations   | 2 3 4 6 7 9 |  9.0
Summonings     | 2 3 |  3.0
Invocations    | 2 4 6 8 10 | 10.6
Spellcasting   | 4 5 |  5.5
Fire Magic     | 1 3 4 |  4.2
Dodging        | |  1.7
Stealth        | |  1.7
Translocations | |  0.8

Action                   |  1- 3 |  4- 6 |  7- 9 | 10-12 || total
-------------------------+-------+-------+-------+-------++-------
Melee: Dagger            |    11 |    28 |    98 |    68 ||   205
       Punch             |       |       |     1 |     3 ||     4
 Cast: Magic Dart        |    94 |   125 |   299 |   160 ||   678
       Call Imp          |     2 |    16 |    29 |    14 ||    61
       Blink             |       |       |     1 |     2 ||     3
       Poisonous Vapours |       |       |     2 |     4 ||     6
       Fireball          |       |       |       |     3 ||     3
Invok: Upheaval          |       |       |       |     2 ||     2
  Use: Scroll            |       |     8 |     9 |     6 ||    23
       Potion            |       |       |       |     2 ||     2
 Stab: Paralysed         |       |    10 |    58 |    28 ||    96
       Sleeping          |       |       |     2 |       ||     2
Armor: Leather armour    |    11 |     2 |       |       ||    13
       Robe              |       |     7 |    17 |    24 ||    48
Dodge: Dodged            |    21 |    32 |   137 |    80 ||   270
Block: Other             |       |       |     7 |    14 ||    21
